 Dungeon Crawl Stone Soup version 0.29.0-4-gdea44cf6ec (webtiles) character file.

Game seed: 15201535075370925583

774 qw the Grappler (level 7, -1/67 HPs)
             Began as a Troll Cinder Acolyte on Sept 1, 2022.
             Was a High Priest of Ignis.
             Slain by a two-headed ogre
             ... wielding a +0 giant club
              (20 damage)
             ... on level 5 of the Dungeon.
             The game lasted 00:01:20 (3357 turns).

qw the Grappler (Troll Cinder Acolyte)              Turns: 3357, Time: 00:01:20

Health: -1/67      AC: 11    Str: 25    XL:     7   Next: 53%
Magic:  0/7        EV:  9    Int: 10    God:    Ignis [*****.]
Gold:   296        SH:  0    Dex:  5    Spells: 8/8 levels left

rFire   + . .      SeeInvis .     - Unarmed
rCold   . . .      Faith    .   (no shield)
rNeg    . . .      Spirit   +   a - +0 robe
rPois   .          Reflect  .   (helmet restricted)
rElec   .          Harm     .   (no cloak)
rCorr   .          Rampage  .   (gloves unavailable)
Will    .....                   (boots unavailable)
Stlth   +.........              c - amulet of guardian spirit
HPRegen 1.01/turn               (no ring)
MPRegen 0.10/turn               (no ring)

@: fiery-armoured
A: large, unfitting armour, claws 3, regeneration 1, shaggy fur 1, tough skin 1
a: Renounce Religion, Fiery Armour, Foxfire Swarm, Rising Flame


You were on level 5 of the Dungeon.
You worshipped Ignis.
Ignis was extremely pleased with you.
You visited 1 branch of the dungeon, and saw 5 of its levels.

You collected 296 gold pieces.


Innate Abilities, Weirdness & Mutations

You are too large for most types of armour.
You have claws for hands.
Your natural rate of healing is unusually fast.
You are covered in fur. (AC +1)
You have tough skin. (AC +1)


   Skills:
 - Level 3.4 Fighting
 - Level 1.2 Throwing
 + Level 8.3 Unarmed Combat
 - Level 1.0 Spellcasting
 - Level 2.1 Fire Magic


You had 8 spell levels left.
You didn't know any spells.
Your spell library contained the following spells:

 Spells                   Type           Power      Damage    Failure   Level
 Scorch                   Fire           8%         2d5       22%         2

Inventory:

Missiles
 d - 5 boomerangs (quivered)
Armour
 a - a +0 robe (worn)
Jewellery
 c - an amulet of guardian spirit (around neck)
Scrolls
 b - 2 scrolls of teleportation
 i - a scroll of identify
Potions
 e - 2 potions of curing
 f - a potion of berserk rage {unknown}

Dungeon Overview and Level Annotations

Branches:
Dungeon (5/15)
 Temple: D:4-7

Altars:
Ru
Vehumet


Message History

You climb downwards.
Found a crooked fluorescent wand and 21 gold pieces.
There is a stone staircase leading up here.
Existing waypoints: (1) D:4 (2) D:3 Assign waypoint to what number? (0-9, D - delete waypoint) Waypoint 2 re-assigned from D:3 to D:5.
Enter note: A two-headed ogre comes into view.
It is wielding two +0 giant clubs.
Throw: 3 javelins
Press: ? - help, Q - select action, (/) - cycle Shift-Dir - straight line, f - two-headed ogre You throw a javelin.
The javelin pierces through the two-headed ogre!
The two-headed ogre is lightly wounded.
Throw: 2 javelins
Press: ? - help, Q - select action, (/) - cycle Shift-Dir - straight line, f/p - two-headed ogre You throw a javelin.
The javelin pierces through the two-headed ogre.
The two-headed ogre is moderately wounded.
Throw: javelin
Press: ? - help, Q - select action, (/) - cycle Shift-Dir - straight line, f/p - two-headed ogre You throw a javelin.
The javelin pierces through the two-headed ogre.
The two-headed ogre is moderately wounded.
You scratch the two-headed ogre.
The two-headed ogre is moderately wounded.
The two-headed ogre hits you with a +0 giant club! x2
You claw the two-headed ogre!
The two-headed ogre is severely wounded.
You claw the two-headed ogre!
The two-headed ogre is almost dead.
The two-headed ogre hits you with a +0 giant club!!
The two-headed ogre hits you with a +0 giant club!
3356 ||| INVOKING Fiery Armour.
A protective cloak of flame settles atop you.
You scratch the two-headed ogre but do no damage.
The two-headed ogre is severely wounded.
The two-headed ogre barely misses you.
The two-headed ogre hits you with a +0 giant club!!
You die...

#...............
##..............
#............... .
............... ..
.............# ..#
.##..........#....
..../..<..........
..#..............(
####....@O.....(
#...##.#.$...
#...## ## ....
......# . ......#
.....### ..... ##.


You could see a two-headed ogre.

Vanquished Creatures
  Grinder (D:3)
  Menkaure (D:4)
  A black bear (D:4)
  A phantom (D:4)
  Blork the orc (D:4)
  2 necrophages (D:4)
  4 adders
  A worm (D:2)
  3 dart slugs
  7 orcs
  A bat (D:1)
  6 endoplasms
  5 giant cockroaches
  5 goblins
  2 hobgoblins
  5 jackals (D:1)
  2 quokkas
  3 ball pythons
  5 frilled lizards
  4 kobolds
  7 rats
67 creatures vanquished.

Notes
Turn   | Place    | Note
-------+----------+-------------------------------------------
     0 | D:1      | qw the Troll Cinder Acolyte began the quest for the Orb.
     0 | D:1      | Reached XP level 1. HP: 22/22 MP: 1/1
     0 | D:1      | 0 ||| qw: Version: 0.1-a-97-g2dd2ca4
     0 | D:1      | 0 ||| qw: Game counter: 4838
     0 | D:1      | 0 ||| qw: Always use a shield: true
     0 | D:1      | 0 ||| qw: God list: Okawaru
     0 | D:1      | 0 ||| qw: Allow faded altars: false
     0 | D:1      | 0 ||| qw: Do Orc after D:15 true
     0 | D:1      | 0 ||| qw: Do second Lair branch before Depths: true
     0 | D:1      | 0 ||| qw: Lair rune preference: random
     0 | D:1      | 0 ||| qw: Plans: Normal
     0 | D:1      | 0 ||| PLANNING D:1-11
    52 | D:1      | 52 ||| Stepping ~*~*~tactically~*~*~ (hiding).
   214 | D:1      | Reached XP level 2. HP: 29/29 MP: 2/2
   514 | D:1      | 514 ||| Stepping ~*~*~tactically~*~*~ (stealth).
   517 | D:1      | Reached skill level 4 in Unarmed Combat
   526 | D:1      | 526 ||| Stepping ~*~*~tactically~*~*~ (stealth).
   539 | D:1      | 539 ||| Stepping ~*~*~tactically~*~*~ (stealth).
   547 | D:1      | 547 ||| Stepping ~*~*~tactically~*~*~ (outnumbered).
   559 | D:1      | Reached XP level 3. HP: 36/36 MP: 3/3
   712 | D:1      | 712 ||| UPGRADING to amulet of guardian spirit.
   717 | D:1      | 717 ||| READING scroll labelled FAD VIARRIS.
   720 | D:1      | 720 ||| READING scroll labelled MUNIT AREMUECA.
   815 | D:2      | 815 ||| Stepping ~*~*~tactically~*~*~ (hiding).
   902 | D:2      | Found a faded altar of an unknown god.
   976 | D:2      | 976 ||| READING scroll labelled XIPAZE PIYLLAU.
   977 | D:2      | 977 ||| Stepping randomly (stuck).
   978 | D:2      | 978 ||| Stepping ~*~*~tactically~*~*~ (cloud).
  1189 | D:2      | 1189 ||| Stepping ~*~*~tactically~*~*~ (stealth).
  1311 | D:2      | You fall into a shaft and drop 1 floor!
  1324 | D:3      | 1324 ||| Stepping ~*~*~tactically~*~*~ (stealth).
  1327 | D:3      | 1327 ||| Stepping ~*~*~tactically~*~*~ (stealth).
  1330 | D:3      | Reached XP level 4. HP: 44/44 MP: 4/4
  1334 | D:3      | Reached skill level 5 in Unarmed Combat
  1597 | D:3      | Found a sacrificial altar of Ru.
  1601 | D:3      | 1601 ||| Stepping ~*~*~tactically~*~*~ (stealth).
  1602 | D:3      | 1602 ||| Stepping ~*~*~tactically~*~*~ (stealth).
  1609 | D:3      | Found a radiant altar of Vehumet.
  1636 | D:3      | 1636 ||| Stepping ~*~*~tactically~*~*~ (hiding).
  1761 | D:3      | Reached skill level 1 in Throwing
  2195 | D:3      | Noticed Grinder
  2200 | D:3      | Killed Grinder
  2201 | D:3      | Reached skill level 6 in Unarmed Combat
  2201 | D:3      | Reached XP level 5. HP: 49/50 MP: 3/5
  2201 | D:3      | Reached XP level 6. HP: 58/59 MP: 3/6
  2229 | D:3      | 2229 ||| READING 3 scrolls labelled BOCKUUCOWN.
  2230 | D:3      | 2230 ||| READING scroll labelled WYTIESHRAYG.
  2231 | D:3      | 2231 ||| DRINKING 2 brown potions.
  2232 | D:3      | 2232 ||| READING 2 scrolls of identify.
  2232 | D:3      | 2232 ||| IDENTIFYING coppery potion
  2233 | D:3      | 2233 ||| DROPPING potion of flight.
  2289 | D:4      | 2289 ||| Stepping ~*~*~tactically~*~*~ (stealth).
  2299 | D:4      | Reached skill level 7 in Unarmed Combat
  2313 | D:4      | Noticed Menkaure
  2320 | D:4      | 2320 ||| INVOKING Fiery Armour.
  2323 | D:4      | Killed Menkaure
  2505 | D:4      | 2505 ||| Stepping ~*~*~tactically~*~*~ (stealth).
  2511 | D:4      | Reached skill level 8 in Unarmed Combat
  2511 | D:4      | Reached XP level 7. HP: 66/66 MP: 7/7
  2516 | D:4      | Noticed Blork the orc
  2517 | D:4      | 2517 ||| Stepping ~*~*~tactically~*~*~ (hiding).
  2518 | D:4      | 2518 ||| Stepping ~*~*~tactically~*~*~ (hiding).
  2524 | D:4      | Killed Blork the orc
  2571 | D:4      | Reached skill level 3 in Fighting
  3131 | D:4      | 3131 ||| Stepping ~*~*~tactically~*~*~ (stealth).
  3263 | D:4      | 3263 ||| DRINKING 2 yellow potions.
  3313 | D:4      | 3313 ||| DROPPING potion of lignification.
  3345 | D:5      | Entered Level 5 of the Dungeon
  3348 | D:5      | Noticed a two-headed ogre
  3356 | D:5      | 3356 ||| INVOKING Fiery Armour.
  3357 | D:5      | Slain by a two-headed ogre

Levels and vault maps discovered:
D:1:      co_arrival_random_square_maze, layout_basic
D:2:      layout_rooms, ebering_ecumenical_altar_mist, item_on_display_a
D:3:      layout_basic, grunt_temple_overflow_open, uniq_grinder
D:4:      layout_layer_cave, uniq_menkaure, uniq_blork_the_orc
D:5:      layout_cave_pools, serial_shops, nicolae_shop_behind_doors,
          uniq_eustachio

Skill      XL: |  1  2  3  4  5  6  7 |
---------------+----------------------+-----
Unarmed Combat | 4 6 8 |  8.3
Throwing       | 1 |  1.2
Fighting       | 3 |  3.4
Spellcasting   | |  1.0
Fire Magic     | |  2.1

Action                   |  1- 3 |  4- 6 |  7- 9 || total
-------------------------+-------+-------+-------++-------
Melee: Unarmed           |    89 |    38 |    25 ||   152
       Punch             |       |     2 |       ||     2
Throw: Boomerang         |    56 |     2 |       ||    58
       Javelin           |       |    13 |    12 ||    25
Invok: Fiery Armour      |       |     1 |     1 ||     2
  Use: Scroll            |     3 |     3 |       ||     6
       Potion            |       |     1 |     1 ||     2
Armor: Robe              |    36 |     7 |     3 ||    46
Dodge: Dodged            |    43 |    13 |     9 ||    65

Table legend:
 A = Non-vault XP
 B = Vault XP
 C = Vault XP percentage of total XP
 D = Non-vault monster count
 E = Vault monster count
 F = Vault count percentage of total count
                 A         B        C        D         E       F
            +---------+---------+-------+---------+---------+-------
      Total |     562 |     545 |  49.2 |      64 |       3 |   4.5
            +---------+---------+-------+---------+---------+-------
        D:1 |      46 |       0 |   0.0 |      26 |       0 |   0.0
        D:2 |      49 |       0 |   0.0 |      14 |       0 |   0.0
        D:3 |      52 |     286 |  84.6 |      12 |       1 |   7.7
        D:4 |     415 |     259 |  38.4 |      12 |       2 |  14.3
            +---------+---------+-------+---------+---------+-------
